 Dungeon Crawl Stone Soup version 0.19.6-3-g7d5932f76a (webtiles) character file.

508395 Johnny the Slayer (level 24, -16/207 HPs)
             Began as a Grey Draconian Ice Elementalist on Sept 27, 2021.
             Was an Elder of Sif Muna.
             Killed from afar by an ancient lich (110 damage)
             ... with a crystal spear
             ... on level 4 of the Vaults on Sept 28, 2021.
             The game lasted 02:45:15 (71430 turns).

Johnny the Slayer (DrIE)                           Turns: 71430, Time: 02:45:17

Health: -16/207    AC: 30    Str:  9    XL:     24   Next: 24%
Magic:  27/47      EV: 12    Int: 29    God:    Sif Muna [****..]
Gold:   1197       SH: 15    Dex: 10    Spells: 12 memorised, 15 levels left

rFire  + . .     SeeInvis .     d - +9 staff of Wucad Mu {channel}
rCold  + . .     Gourm    .     (armour unavailable)
rNeg   . . .     Faith    .     T - +2 shield
rPois  +         Spirit   .     Q - +2 hat
rElec  +         Reflect  .     l - +2 cloak {rPois}
rCorr  .         Harm     +     h - +1 pair of gloves
MR     +....     Rnd*Rage +     Z - +1 pair of boots "Nesael" {rElec}
Stlth  ++........               k - amulet of harm
                                v - ring "Lesuw" {rF++ Str-2 Dex-2}
                                c - ring of ice

@: icy armour, no potions, corroded, very slightly contaminated, hasted, divine
energy, very quick
A: walk through water, unfitting armour, antennae 1, berserk 1, clever 1, frail
1, unbreathing, cold-blooded, AC +17
a: Stop Divine Energy, Channel Magic, Forget Spell, Renounce Religion
}: 2/15 runes: decaying, serpentine


You were on level 4 of the Vaults.
You worshipped Sif Muna.
Sif Muna was greatly pleased with you.
You were very hungry.

You visited 7 branches of the dungeon, and saw 39 of its levels.
You visited the Abyss 2 times.
You also visited: Labyrinth and Wizlab.

You collected 5113 gold pieces.
You spent 3916 gold pieces at shops.

Inventory:

Hand Weapons
 d - the +9 staff of Wucad Mu (weapon) {channel}
   (You found it in a wizard's laboratory)
Missiles
 B - 3 throwing nets (quivered)
Armour
 h - a +1 pair of gloves (worn)
 l - a +2 cloak of poison resistance (worn)
 n - the +0 pair of boots of Broken Taboos {+Blink SInv}
   (You bought it in a shop on level 3 of the Snake Pit)

   It lets you see invisible.
   It lets you blink.
 Q - a +2 hat (worn)
 T - a +2 shield (worn)
 Z - the +1 pair of boots "Nesael" (worn) {rElec}
   (You found it on level 1 of the Vaults)

   It insulates you from electricity.
Magical Staves
 x - an uncursed staff of energy
 O - an uncursed staff of cold
Jewellery
 a - the macabre finger necklace {rN+}
   (You found it on level 6 of the Lair of Beasts)

   [amulet of nothing]

   It protects you from negative energy.
 c - a ring of ice (left hand)
 k - an amulet of harm (around neck)
 v - the ring "Lesuw" (right hand) {rF++ Str-2 Dex-2}
   (You bought it in a shop on level 2 of the Orcish Mines)

   [ring of strength]

   It affects your strength (-2).
   It affects your dexterity (-2).
   It greatly protects you from fire.
 J - the amulet of Free Expression {Reflect rC+ Int+3 Dex+4 SH+3 Stlth-}
   (You took it off a vault sentinel on level 1 of the Vaults)

   [amulet of reflection]

   It shields you and reflects attacks.
   It affects your intelligence (+3).
   It affects your dexterity (+4).
   It protects you from cold.
   It affects your SH (+3).
   It makes you less stealthy.
 K - an uncursed ring of ice
Wands
 o - a wand of heal wounds (5/9)
 r - a wand of teleportation (2/9)
 I - a wand of hasting (5/9)
 R - a wand of digging (7/24)
Scrolls
 e - 6 scrolls of blinking
 q - 18 scrolls of remove curse
 t - a scroll of summoning
 u - 13 scrolls of teleportation
 A - 8 scrolls of magic mapping
 C - 2 scrolls of enchant armour
 F - 2 scrolls of fog
 H - 5 scrolls of fear
 L - 3 scrolls of holy word
 N - 8 scrolls of immolation
 U - 3 scrolls of vulnerability
Potions
 g - 3 potions of cure mutation
 i - 6 potions of lignification
 j - 3 potions of heal wounds
 m - 2 potions of might
 p - 5 potions of agility
 s - 8 potions of haste
 w - 11 potions of flight
 z - 3 potions of resistance
 D - 8 potions of brilliance
 M - 9 potions of curing
 P - 3 potions of berserk rage
 X - 4 potions of ambrosia
 Y - a potion of cancellation
Books
 W - a book of Beasts

   Spells                             Type                      Level
   a - Summon Butterflies             Summoning                    1
   b - Call Canine Familiar           Summoning                    3
   c - Summon Ice Beast               Ice/Summoning                4
   d - Summon Mana Viper              Hexes/Summoning              5
   e - Summon Hydra                   Summoning                    7
Miscellaneous
 y - a lamp of fire
 E - a box of beasts
 S - a disc of storms
Comestibles
 b - 21 bread rations
 f - 4 meat rations
 G - 18 fruits


   Skills:
 * Level 22.0 Fighting
 - Level 1.7 Dodging
 - Level 1.7 Stealth
 + Level 16.0 Shields
 - Level 20.2 Spellcasting
 - Level 11.0 Conjurations
 - Level 20.6 Ice Magic
 - Level 6.1 Invocations
 + Level 12.9 Evocations


You had 15 spell levels left.
You knew the following spells:

 Your Spells              Type           Power        Failure   Level  Hunger
a - Freeze                Ice            ####         0%          1    None
b - Throw Icicle          Conj/Ice       ########     1%          4    None
c - Ozocubu's Armour      Chrm/Ice       #######.     1%          3    None
d - Summon Ice Beast      Ice/Summ       #######.     1%          4    None
e - Blink                 Tloc           N/A          1%          2    None
f - Bolt of Cold          Conj/Ice       ########..   1%          6    None
g - Freezing Cloud        Conj/Ice/Air   #######...   2%          6    None
h - Deflect Missiles      Chrm/Air       ####......   99%         6    None
i - Ozocubu's Refrigerat  Ice            ########..   1%          6    None
j - Metabolic Englaciati  Hex/Ice        #######...   1%          5    None
k - Regeneration          Chrm/Necr      ####......   4%          3    None
l - Sublimation of Blood  Necr           ####......   1%          2    None


Dungeon Overview and Level Annotations

Branches:
Dungeon (15/15)            Temple (0/1) D:7            Lair (6/6) D:10
  Swamp (4/4) Lair:3        Snake (4/4) Lair:2        Slime (0/5) Lair:6
    Orc (2/2) D:12            Elf (3/3) Orc:2        Vaults (5/5) D:13
  Crypt (0/3) Vaults:3     Depths (0/5) D:15

Altars:
Cheibriados
Elyvilon
Fedhas
Hepliaklqana
Kikubaaqudgha
Makhleb
Okawaru
Qazlal
Ru
Sif Muna
Trog
Xom
The Shining One
Beogh
Jiyva

Shops:
D:5 ?   D:8 =   D:13 (   D:14 *   D:15 (   Orc:2 **?*=?:   Elf:2 !   Snake:3 ![
Vaults:2 :

Portals:
Trove: Vaults:3 (give +7 demon trident)

Annotations:
Abyss:1 Sigmund


Innate Abilities, Weirdness & Mutations

You can walk through water.
Your dull iron-grey scales are very hard. (AC +17)
You cannot fit into any form of body armour.
You can survive without breathing.
You are cold-blooded and may be slowed by cold attacks.
You have a pair of small antennae on your head.
You tend to lose your temper in combat.
Your mind is acute. (Int +2)
You are frail. (-10% HP)


Message History

This wand has 5 charges left.
Unknown command.
Casting: Blink
Confirm with . or Enter, or press ? or * to list all spells.
Aiming: Throw Icicle
Press: ? - help, Shift-Dir - straight line, f - ancient lich
Aim: an ancient lich (lightly damaged, fast)
You feel a surge of power!
The shard of ice hits the ancient lich.
The ancient lich partially resists.
The ancient lich is moderately damaged.
The ancient lich points at you and mumbles some strange words.
The bolt of acid hits you! The acid corrodes you!
You are splashed with acid!
The acid burns!
Casting: Throw Icicle
Confirm with . or Enter, or press ? or * to list all spells.
You blink.
The ancient lich points at you and mumbles some strange words.
The crystal spear hits you!
Ouch! That really hurt!
You die...

#.....###.##.'#..#'.#............
###'####[.####)...###............
#.....#[>.##........#............
.#...#....##........#............
###.##########....###............
### #.'#..#'.'............
#..#[.#..#.#.#.#..#.#.
#..#..#..#.#.#.#..#.#.
#..#>@#..############' #####
#####'###########..... ....#
#########.))#...#...#..... ....#
#.......#.pL[#.##...#..... ....#
#.......#..ยง#)#(#...#..... ....#
#...(...######)###'##..... ....#
#..[....#.#.#.#.#.#.#..### ....#
#..)..[.#..#(#.#.#..#..#..
##'#####.......'.#.#.#.#.#.#..#..


You could see an ironheart preserver and an ancient lich.

Vanquished Creatures
  An ancient lich (Vaults:4)
  Bai Suzhen (Elf:3)
  Vashnia (Snake:2)
  Saint Roka (Vaults:2)
  A golden dragon (Vaults:5)
  Jory (Vaults:3)
  A hellephant (Abyss:3)
  5 tentacled monstrosities (Vaults:5)
  3 deep elf blademasters (Elf:3)
  3 liches
  5 deep elf master archers (Elf:3)
  Asterion (Vaults:2)
  A titan (Vaults:5)
  A quicksilver dragon (Vaults:4)
  Rupert (Lair:5)
  An Executioner (Abyss:3)
  4 sphinxes
  A shadow dragon (Vaults:5)
  2 storm dragons
  5 tengu reavers (Vaults:5)
  A revenant (Vaults:3)
  8 nagarajas
  7 deep elf sorcerers
  Donald (Orc:2)
  Aizul (Vaults:1)
  12 vault wardens
  Louise (D:15)
  3 frost giants
  3 fire giants
  2 draconian shifters (Abyss:3)
  2 iron dragons
  19 ironheart preservers
  2 deep elf elementalists (Elf:3)
  2 ghouls (Vaults:3)
  4 war gargoyles
  17 stone giants
  2 entropy weavers
  9 deep elf demonologists
  7 dire elephants (Abyss:3)
  An orange crystal statue (WizLab)
  8 deep elf annihilators
  4 deep elf death magi (Elf:3)
  8 ettins
  4 fire dragons
  A jiangshi (Vaults:3)
  Josephine (D:12)
  2 great orbs of eyes
  3 deep elf high priests
  5 rakshasas
  9 yaktaur captains
  An ice dragon (Vaults:5)
  28 vault guards
  26 naga warriors
  19 hydras
  3 ghost crabs
  15 anacondas
  3 catoblepae
  2 death knights
  5 centaur warriors
  19 ogre magi
  Erica (D:12)
  28 dancing weapons
  2 alligators
  2 vampire magi
  2 tengu warriors (D:15)
  A deep troll earth mage (Vaults:4)
  The ghost of coldbreeze the Carver, a novice HEGl of Okawaru (Orc:1)
  9 shock serpents
  20 naga sharpshooters
  34 deep elf knights
  6 skeletal warriors
  3 fire crabs
  A sea snake (shapeshifter) (D:14)
  5 salamander mystics
  3 shadow wraiths
  4 unseen horrors
  12 swamp dragons
  12 deep trolls
  3 spriggan druids (Swamp:3)
  A glowing orange brain (Vaults:3)
  5 hill giants
  A swamp dragon (shapeshifter) (Vaults:5)
  25 ironbrand convokers
  2 lindwurms
  A flayed ghost (Vaults:1)
  19 deep elf archers
  2 shambling mangroves
  An anaconda skeleton (Abyss:3)
  12 naga ritualists
  23 orc knights
  2 starcursed masses (Abyss:3)
  2 wizards
  A hill giant (shapeshifter) (Elf:3)
  A necromancer (Vaults:3)
  2 phantasmal warriors (Vaults:4)
  6 mana vipers
  6 wolf spiders
  2 worldbinders (Abyss:3)
  5 harpies
  6 orc sorcerers
  9 cyclopes
  5 manticores
  A faun (shapeshifter) (Vaults:3)
  17 salamanders
  91 deep elf magi
  39 ugly things
  3 elephants (Abyss:3)
  4 centaur zombies
  A moth of wrath (shapeshifter) (Elf:2)
  A frost giant skeleton (Abyss:2)
  A black mamba (shapeshifter) (Vaults:3)
  6 guardian serpents
  An apocalypse crab (Abyss:3)
  An eye of devastation (shapeshifter) (Vaults:1)
  Maurice (D:8)
  41 black mambas
  2 guardian serpents (shapeshifter) (Vaults:5)
  2 molten gargoyles (Lair:6)
  40 naga magi
  2 elephants (shapeshifter) (Vaults:1)
  A gargoyle (D:14)
  4 smoke demons
  14 spiny frogs
  18 vault sentinels
  6 centaur skeletons
  A spiny frog (shapeshifter) (Vaults:4)
  7 komodo dragons
  8 freezing wraiths
  A yaktaur (shapeshifter) (Vaults:4)
  2 efreet
  30 yaktaurs
  3 trolls
  3 ancient zymes (Abyss:3)
  A hornet (shapeshifter) (Vaults:2)
  A guardian mummy (Vaults:3)
  A wind drake (shapeshifter) (Vaults:1)
  A meliai (shapeshifter) (D:14)
  16 hornets
  A tengu simulacrum (Vaults:5)
  A troll (shapeshifter) (Vaults:4)
  8 tyrant leeches
  30 two-headed ogres
  Grinder (D:4)
  7 raiju (Abyss:3)
  9 blink frogs
  A hippogriff (shapeshifter) (Vaults:1)
  8 bog bodies
  30 slime creatures
  9 hippogriffs
  A sphinx simulacrum (Vaults:5)
  The ghost of Tynka the Covert, an amateur KoAs (D:4)
  A meliai zombie (D:12)
  3 redbacks
  4 spriggans
  5 air elementals
  2 vampires (D:14)
  3 water elementals
  4 shadows
  2 small abominations (Abyss:3)
  9 wraiths
  3 fire bats (Swamp:4)
  4 large abominations (Abyss:3)
  4 wyverns
  A ynoxinul (Abyss:3)
  Eustachio (D:5)
  An ettin skeleton (Vaults:5)
  2 steam dragons (Swamp:4)
  3 basilisks
  16 yaks
  3 fire elementals
  2 hungry ghosts
  17 vampire mosquitoes
  A neqoxec (Abyss:3)
  4 mottled dragons
  22 swamp worms
  11 insubstantial wisps
  11 wargs
  57 nagas
  4 hell hounds
  9 porcupines
  8 water moccasins
  Duvessa (D:5)
  2 floating eyes (D:14)
  A hornet zombie (D:15)
  76 orc warriors
  A black bear (Lair:1)
  2 sky beasts (D:7)
  5 ice beasts
  12 swamp drakes
  An elf zombie (Vaults:3)
  2 black bears (shapeshifter)
  2 eyes of draining
  2 phantoms
  65 ogres
  A wolf (Swamp:1)
  12 crocodiles
  27 centaurs
  2 big kobolds
  Blork the orc (D:3)
  10 bullfrogs
  A wyvern zombie (D:11)
  2 human skeletons (Vaults:3)
  Dowan (D:5)
  An earth elemental (Elf:1)
  6 scorpions
  5 wights
  9 killer bees
  7 howler monkeys
  3 electric eels (Lair:3)
  2 bullfrog zombies
  12 crimson imps
  A quasit (Abyss:3)
  5 hounds
  5 lava snakes
  3 human simulacra (Vaults:2)
  2 jellies
  3 bullfrog skeletons
  20 orc priests
  Crazy Yiuf (D:6)
  44 orc wizards
  5 iguanas
  An iron imp (Abyss:3)
  Natasha (thrice) (D:4)
  10 worker ants
  3 worker ant zombies
  4 gnolls (D:5)
  16 adders
  3 shadow imps
  2 white imps (Abyss:3)
  4 oozes
  A worm (shapeshifter) (Vaults:5)
  2 worms
  2 dart slugs (D:1)
  4 leopard geckos
  118 orcs
  7 ball pythons
  4 giant cockroaches
  6 goblins
  9 hobgoblins
  14 jackals
  4 quokkas
  4 bats
  9 frilled lizards
  13 kobolds
  A quokka zombie (D:7)
  4 rats
  3 crawling corpses (Elf:3)
  A fire vortex (Swamp:4)
  A plant (Lair:6)
1910 creatures vanquished.

Vanquished Creatures (collateral kills)
  Erolcha (D:9)
  A yaktaur captain (D:13)
  2 hydras
  2 alligators (Swamp:1)
  2 naga magi (Snake:4)
  2 black mambas
  Joseph (Lair:1)
  A molten gargoyle (Lair:6)
  A spiny frog (Swamp:2)
  4 komodo dragons
  6 blink frogs
  5 dream sheep (Lair:6)
  12 yaks
  2 basilisks (Lair:6)
  4 wyverns (Lair:6)
  A vampire mosquito (D:12)
  Edmund (D:6)
  3 hell hounds
  2 porcupines (Lair:1)
  7 water moccasins
  An orc warrior (Orc:2)
  An ogre (D:6)
  A big kobold (D:11)
  4 crocodiles
  2 bullfrogs
  A wyvern zombie (D:13)
  A killer bee (D:11)
  A lava snake (Lair:6)
  A bullfrog zombie (D:11)
  3 orc priests
  A bullfrog skeleton (D:13)
  2 orc wizards (Orc:2)
  6 hell rats (Lair:5)
  6 adders
  3 gnolls (D:6)
  4 orcs
  A ball python (Lair:2)
  2 kobolds (D:11)
101 creatures vanquished.

Vanquished Creatures (others)
  A minotaur (Lab)
  A swamp dragon (Swamp:4)
  A komodo dragon (Lair:1)
  A hippogriff (D:7)
  An ice beast (D:6)
  2 phantoms
  A bullfrog (D:9)
  A quasit (Abyss:3)
  A hound (D:7)
  A worker ant (D:6)
  2 orcs
  A jackal (D:8)
  A quokka (D:9)
  9 fungi
  3 plants (Lair:6)
27 creatures vanquished.

Grand Total: 2038 creatures vanquished

Notes
Turn   | Place    | Note
-------+----------+-------------------------------------------
     0 | D:1      | Johnny the Draconian Ice Elementalist began the quest for the Orb.
     0 | D:1      | Reached XP level 1. HP: 14/14 MP: 3/3
   156 | D:1      | Reached XP level 2. HP: 4/22 MP: 3/5
   507 | D:1      | Reached skill level 1 in Fighting
   603 | D:1      | Reached XP level 3. HP: 27/28 MP: 6/6
   752 | D:2      | Reached skill level 2 in Fighting
  1082 | D:2      | Reached XP level 4. HP: 33/36 MP: 8/8
  1217 | D:2      | Found a shimmering altar of Xom.
  1219 | D:2      | Found a glowing golden altar of the Shining One.
  1219 | D:2      | Found a snail-covered altar of Cheibriados.
  1221 | D:2      | Found a sacrificial altar of Ru.
  1221 | D:2      | Found an ancient bone altar of Kikubaaqudgha.
  1221 | D:2      | Found an iron altar of Okawaru.
  1669 | D:3      | Noticed Blork the orc
  1774 | D:3      | Found a deep blue altar of Sif Muna.
  1783 | D:3      | Became a worshipper of Sif Muna the Loreminder
  1793 | D:3      | Killed Blork the orc
  1793 | D:3      | Reached XP level 5. HP: 19/44 MP: 9/9
  2018 | D:4      | Found a hazy altar of Hepliaklqana.
  2058 | D:4      | Noticed Grinder
  2059 | D:4      | Noticed Tynka's ghost (amateur KoAs)
  2111 | D:3      | Learned a level 4 spell: Throw Icicle
  2115 | D:3      | Learned a level 3 spell: Ozocubu's Armour
  2123 | D:4      | Reached skill level 3 in Fighting
  2274 | D:4      | Killed Tynka's ghost
  2274 | D:4      | Reached skill level 4 in Fighting
  2274 | D:4      | Reached skill level 5 in Ice Magic
  2274 | D:4      | Reached XP level 6. HP: 42/52 MP: 4/12
  2401 | D:4      | Paralysed by Grinder for 5 turns
  2449 | D:5      | Entered Level 5 of the Dungeon
  2527 | D:4      | Paralysed by Grinder for 7 turns
  2545 | D:5      | Your scales start taking on a dull iron-grey colour.
  2545 | D:5      | Reached XP level 7. HP: 47/60 MP: 9/13
  2545 | D:5      | Gained mutation: You can survive without breathing. [Grey Draconian growth]
  2612 | D:5      | Noticed Eustachio
  2627 | D:5      | Killed Eustachio
  2680 | D:5      | Noticed Duvessa
  2680 | D:5      | Noticed Dowan
  2710 | D:5      | Killed Duvessa
  2710 | D:5      | Reached * piety under Sif Muna
  2710 | D:5      | Reached skill level 5 in Fighting
  2735 | D:5      | Killed Dowan
  2735 | D:5      | Reached skill level 5 in Spellcasting
  2999 | D:5      | HP: 2/91 [orc warrior/vampiric glaive (12)]
  3027 | D:5      | Reached XP level 8. HP: 23/69 MP: 0/15
  3060 | D:5      | Found Daizujil's Magic Scroll Boutique.
  3065 | D:5      | Bought a scroll of identify for 22 gold pieces
  3065 | D:5      | Bought a scroll of identify for 22 gold pieces
  3065 | D:5      | Bought a scroll of blinking for 82 gold pieces
  3065 | D:5      | Bought a scroll of magic mapping for 38 gold pieces
  3065 | D:5      | Bought a scroll of identify for 22 gold pieces
  3065 | D:5      | Bought a scroll of remove curse for 33 gold pieces
  3065 | D:5      | Bought a scroll of teleportation for 33 gold pieces
  3065 | D:5      | Bought a scroll of noise for 11 gold pieces
  3299 | D:4      | Learned a level 4 spell: Summon Ice Beast
  3332 | D:4      | Noticed Natasha
  3339 | D:4      | Killed Natasha
  3398 | D:4      | Killed Grinder
  3571 | D:4      | Reached skill level 6 in Fighting
  3717 | D:4      | Found a glowing golden altar of the Shining One.
  3718 | D:4      | Found a shimmering altar of Xom.
  3718 | D:4      | Found an ancient bone altar of Kikubaaqudgha.
  3736 | D:4      | Found a white marble altar of Elyvilon.
  3768 | D:4      | Noticed Natasha
  3773 | D:4      | Killed Natasha
  3825 | D:4      | Noticed Natasha
  3839 | D:4      | Killed Natasha
  4033 | D:5      | Noticed a hippogriff
  4040 | D:5      | Killed a hippogriff
  4040 | D:5      | Reached ** piety under Sif Muna
  4169 | D:6      | Noticed Edmund
  4183 | D:6      | Killed Edmund
  4438 | D:6      | Noticed Sigmund
  4460 | D:6      | Banished Sigmund
  4460 | D:6      | Reached XP level 9. HP: 69/78 MP: 9/19
  4506 | D:6      | Reached skill level 7 in Fighting
  4686 | D:6      | Found a runed door.
  5056 | D:6      | Noticed Crazy Yiuf
  5057 | D:6      | Killed Crazy Yiuf
  5194 | D:7      | Found a blossoming altar of Fedhas.
  5533 | D:7      | Found a burning altar of Makhleb.
  5641 | D:7      | Learned a level 2 spell: Blink
  5894 | D:7      | Reached *** piety under Sif Muna
  5947 | D:7      | Found a staircase to the Ecumenical Temple.
  6151 | D:8      | Reached skill level 8 in Fighting
  6257 | D:8      | Noticed Maurice
  6287 | D:8      | Killed Maurice
  6381 | D:8      | Reached XP level 10. HP: 52/88 MP: 15/23
  6417 | D:8      | HP: 4/88 [poisoned by a killer bee]
  6424 | D:8      | HP: 4/88 [poisoned by a killer bee]
  6432 | D:8      | HP: 4/88 [poisoned by a killer bee]
  7040 | D:8      | Found Umauf's Jewellery Boutique.
  7042 | D:8      | Found a stormy altar of Qazlal.
  7335 | D:9      | Noticed Erolcha
  7356 | D:9      | Killed Erolcha
  7466 | D:9      | Found a snail-covered altar of Cheibriados.
  7535 | D:9      | Reached **** piety under Sif Muna
  8027 | D:9      | Found a bloodstained altar of Trog.
  8028 | D:9      | Found an iron altar of Okawaru.
  8216 | D:9      | Reached skill level 9 in Fighting
  8323 | D:10     | Entered Level 10 of the Dungeon
  8347 | D:10     | Reached skill level 10 in Spellcasting
  8600 | D:10     | Found a staircase to the Lair.
  9195 | D:11     | Noticed a hill giant
  9265 | Lair:1   | Entered Level 1 of the Lair of Beasts
  9271 | Lair:1   | Noticed a spiny frog
  9277 | Lair:1   | Killed a spiny frog
  9321 | Lair:1   | Found a labyrinth entrance.
  9326 | Lab      | Entered a labyrinth
  9419 | Lab      | Noticed a minotaur
  9431 | Lab      | Banished a minotaur
  9431 | Lab      | Reached XP level 11. HP: 77/97 MP: 2/25
 10290 | Lair:1   | Noticed Joseph
 10302 | Lair:1   | Killed Joseph
 10743 | Lair:2   | Reached ***** piety under Sif Muna
 10764 | Lair:2   | Found a staircase to the Snake Pit.
 10806 | Lair:2   | Reached skill level 10 in Fighting
 10851 | Lair:2   | Found a dark tunnel.
 10858 | Lair:2   | Identified Sif Muna's Tome of Evil Earth (Sif Muna gifted it to you on level 2 of the Lair of Beasts)
 10858 | Lair:2   | Received a gift from Sif Muna
 11198 | Lair:2   | Identified a +6 rod of clouds (11/11) (You found it in a labyrinth)
 11261 | Lair:2   | Reached skill level 10 in Ice Magic
 12325 | Lair:3   | Found a staircase to the Swamp.
 14045 | Lair:4   | Noticed an eight-headed hydra
 14065 | Lair:4   | Killed an eight-headed hydra
 14065 | Lair:4   | Reached XP level 12. HP: 104/108 MP: 6/28
 14599 | Lair:5   | Identified Sif Muna's Catalogue of the Hurtful Rocks (Sif Muna gifted it to you on level 5 of the Lair of Beasts)
 14599 | Lair:5   | Received a gift from Sif Muna
 14599 | Lair:5   | Reached skill level 11 in Fighting
 14611 | Lair:5   | Learned a level 6 spell: Bolt of Cold
 14618 | Lair:5   | Learned a level 6 spell: Freezing Cloud
 14795 | Lair:5   | Noticed a seven-headed hydra
 14802 | Lair:5   | Killed a seven-headed hydra
 15078 | Lair:5   | Noticed Rupert
 15118 | Lair:5   | Killed Rupert
 15497 | Lair:6   | Entered Level 6 of the Lair of Beasts
 15678 | Lair:6   | Found a viscous altar of Jiyva.
 15679 | Lair:6   | Found a staircase to the Slime Pits.
 16327 | Lair:6   | Noticed a six-headed hydra
 16334 | Lair:6   | Killed a six-headed hydra
 17406 | Lair:6   | Noticed a fire dragon
 17418 | Lair:6   | Found a large runed door.
 17419 | Lair:6   | Found a large runed door.
 17420 | Lair:6   | Received a gift from Sif Muna
 17915 | Lair:6   | Killed a fire dragon
 17915 | Lair:6   | Reached XP level 13. HP: 62/117 MP: 10/30
 18177 | Lair:3   | Reached skill level 12 in Fighting
 18867 | D:11     | Reached skill level 1 in Invocations
 20978 | D:12     | Found a staircase to the Orcish Mines.
 21259 | D:12     | Found a roughly hewn altar of Beogh.
 21337 | Orc:1    | Entered Level 1 of the Orcish Mines
 21356 | Orc:1    | Noticed coldbreeze's ghost (novice HEGl)
 21364 | Orc:1    | Noticed Josephine
 21364 | Orc:1    | Killed coldbreeze's ghost
 21364 | Orc:1    | Identified Sif Muna's Advanced Guide to Theurgy (Sif Muna gifted it to you on level 1 of the Orcish Mines)
 21364 | Orc:1    | Received a gift from Sif Muna
 21694 | D:12     | Killed Josephine
 21977 | Orc:1    | Noticed Erica
 23738 | D:13     | Found Ireigu Bypyd's Antique Weapon Shoppe.
 23924 | D:12     | Reached XP level 14. HP: 127/127 MP: 23/32
 24596 | Orc:1    | Reached skill level 5 in Invocations
 25114 | Orc:2    | Entered Level 2 of the Orcish Mines
 25428 | Orc:2    | Found a staircase to the Elven Halls.
 25434 | Orc:2    | Noticed Donald
 25450 | Orc:2    | Killed Donald
 25693 | Orc:2    | Found a roughly hewn altar of Beogh.
 25839 | Orc:2    | Found Tuulusch's Food Shop.
 26078 | Orc:2    | Reached skill level 1 in Shields
 26711 | Orc:2    | Found Dumurr's Magic Scroll Shoppe.
 26711 | Orc:2    | Found Umpad's General Store.
 26713 | Orc:2    | Found Kocraim's Jewellery Shop.
 26715 | Orc:2    | Found Pofu's Assorted Antiques.
 26719 | Orc:2    | Bought a scroll of identify for 32 gold pieces
 26719 | Orc:2    | Bought a scroll of identify for 32 gold pieces
 26719 | Orc:2    | Bought a scroll of identify for 32 gold pieces
 26723 | Orc:2    | Identified Sif Muna's Grimoire of the Ensnaring Blaze (Sif Muna gifted it to you on level 2 of the Orcish Mines)
 26723 | Orc:2    | Received a gift from Sif Muna
 27035 | Orc:2    | Bought a scroll of identify for 32 gold pieces
 27035 | Orc:2    | Bought a scroll of teleportation for 48 gold pieces
 27035 | Orc:2    | Bought a scroll of identify for 32 gold pieces
 27035 | Orc:2    | Bought a scroll of teleportation for 48 gold pieces
 27040 | Orc:2    | Bought the cursed ring "Lesuw" {rF++ Str-2 Dex-2} for 218 gold pieces
 27051 | Orc:2    | Bought a +0 cloak of poison resistance for 119 gold pieces
 27051 | Orc:2    | Bought a scroll of identify for 28 gold pieces
 27051 | Orc:2    | Bought a scroll of teleportation for 42 gold pieces
 27051 | Orc:2    | Bought a slice of pizza for 21 gold pieces
 27051 | Orc:2    | Bought a slice of pizza for 21 gold pieces
 27051 | Orc:2    | Bought a potion of agility for 56 gold pieces
 27068 | Orc:2    | Bought a scroll of enchant armour for 120 gold pieces
 27068 | Orc:2    | Bought a scroll of recharging for 152 gold pieces
 27068 | Orc:2    | Bought a scroll of vulnerability for 120 gold pieces
 27070 | Orc:2    | Bought a scroll of teleportation for 99 gold pieces
 27070 | Orc:2    | Bought a potion of invisibility for 264 gold pieces
 27168 | Orc:2    | Found Oram's Magic Scroll Shop.
 27904 | Orc:2    | Found Tauq's Book Boutique.
 28322 | Orc:2    | Found Kuraprig's Assorted Antiques.
 28328 | Orc:2    | Bought a potion of lignification for 99 gold pieces
 28515 | Swamp:1  | Entered Level 1 of the Swamp
 29762 | Swamp:2  | Reached skill level 15 in Spellcasting
 30171 | Swamp:2  | Learned a level 6 spell: Deflect Missiles
 30181 | Swamp:2  | Learned a level 9 spell: Tornado
 31357 | Swamp:3  | Identified Sif Muna's Compendium of the Frostbite (Sif Muna gifted it to you on level 3 of the Swamp)
 31357 | Swamp:3  | Received a gift from Sif Muna
 31756 | Swamp:3  | Learned a level 6 spell: Ozocubu's Refrigeration
 32025 | Swamp:3  | Reached XP level 15. HP: 119/134 MP: 19/34
 32473 | Swamp:3  | Learned a level 5 spell: Metabolic Englaciation
 32889 | Swamp:4  | Entered Level 4 of the Swamp
 32892 | Swamp:4  | Reached skill level 15 in Ice Magic
 32893 | Swamp:4  | Reached skill level 5 in Shields
 34362 | Swamp:4  | Got a decaying rune of Zot
 34959 | Snake:1  | Entered Level 1 of the Snake Pit
 35175 | Snake:1  | Identified Koeprifi's Tome of Excruciating Necromancy (Sif Muna gifted it to you on level 1 of the Snake Pit)
 35175 | Snake:1  | Received a gift from Sif Muna
 35187 | Snake:1  | Learned a level 3 spell: Regeneration
 36404 | Snake:1  | Reached XP level 16. HP: 137/141 MP: 8/36
 39373 | Snake:2  | Noticed Vashnia
 39399 | Snake:2  | Killed Vashnia
 39686 | Snake:3  | Identified Sif Muna's Tome of the Lucky Entourage (Sif Muna gifted it to you on level 3 of the Snake Pit)
 39686 | Snake:3  | Received a gift from Sif Muna
 40293 | Snake:2  | Reached skill level 5 in Conjurations
 40446 | Snake:3  | Reached XP level 17. HP: 58/148 MP: 2/38
 40846 | Snake:4  | Entered Level 4 of the Snake Pit
 41292 | Snake:3  | Found Meessi's Distillery.
 41298 | Snake:3  | Bought 2 potions of flight for 78 gold pieces
 41298 | Snake:3  | Bought a potion of brilliance for 52 gold pieces
 41298 | Snake:3  | Bought a potion of curing for 39 gold pieces
 41298 | Snake:3  | Bought a potion of magic for 104 gold pieces
 41298 | Snake:3  | Bought a potion of haste for 130 gold pieces
 41298 | Snake:3  | Bought a potion of lignification for 39 gold pieces
 41298 | Snake:3  | Found Raamaiw's Armour Emporium.
 42003 | Snake:4  | Identified Sif Muna's Incunabulum of Evil Arts (Sif Muna gifted it to you on level 4 of the Snake Pit)
 42003 | Snake:4  | Received a gift from Sif Muna
 42138 | Snake:4  | Learned a level 2 spell: Sublimation of Blood
 42590 | Snake:4  | HP: 4/148 [naga sharpshooter/bolt (30)]
 44016 | Snake:4  | Got a serpentine rune of Zot
 44106 | Snake:4  | Identified Sif Muna's Reference Book on Doomed Attacks (Sif Muna gifted it to you on level 4 of the Snake Pit)
 44106 | Snake:4  | Received a gift from Sif Muna
 44112 | Snake:4  | Reached XP level 18. HP: 115/156 MP: 10/40
 44574 | Elf:1    | Entered Level 1 of the Elven Halls
 44653 | Elf:1    | Found a magical portal.
 44662 | WizLab   | Entered Wucad Mu's Monastery
 45134 | WizLab   | Reached skill level 10 in Shields
 45134 | WizLab   | Reached XP level 19. HP: 80/162 MP: 32/41
 45546 | Elf:1    | Reached skill level 1 in Evocations
 45933 | Elf:1    | Identified the Handbook of the Aged Ghosts
 46019 | Elf:1    | Reached skill level 13 in Fighting
 46398 | Elf:1    | Gained mutation: Your mind is acute. (Int +2) [potion of beneficial mutation]
 46400 | Elf:1    | Got a pitted great mace
 46919 | Elf:1    | Found a runed door.
 47876 | Elf:2    | Found Tuyputoi's Distillery.
 48155 | Elf:2    | Bought a potion of curing for 36 gold pieces
 48155 | Elf:2    | Bought a potion of brilliance for 48 gold pieces
 48155 | Elf:2    | Bought a potion of magic for 96 gold pieces
 48155 | Elf:2    | Bought a potion of agility for 48 gold pieces
 48170 | Elf:2    | Found a runed gate.
 48186 | Elf:2    | Found a runed gate.
 48188 | Elf:2    | Found a runed gate.
 48617 | Elf:2    | Found an ancient bone altar of Kikubaaqudgha.
 49347 | Elf:2    | Identified Sif Muna's Reference Book on Fetching Shape Shifting (Sif Muna gifted it to you on level 2 of the Elven Halls)
 49347 | Elf:2    | Received a gift from Sif Muna
 49769 | Elf:3    | Entered Level 3 of the Elven Halls
 49781 | Elf:3    | Noticed Bai Suzhen
 49795 | Elf:3    | Killed Bai Suzhen
 50540 | Elf:3    | Cast into level 3 of the Abyss (a deep elf sorcerer)
 50742 | Abyss:3  | Reached XP level 20. HP: 56/173 MP: 0/43
 50753 | Abyss:3  | Paralysed by a great orb of eyes for 7 turns
 50960 | Abyss:3  | Found a runed door.
 50960 | Abyss:3  | Found a huge runed gate.
 50964 | Abyss:3  | Reached skill level 14 in Fighting
 51060 | Abyss:3  | Found a runed door.
 51060 | Abyss:3  | Found a huge runed gate.
 51063 | Abyss:3  | Found a huge runed gate.
 51139 | Abyss:3  | Found a huge runed gate.
 51141 | Abyss:3  | Found a huge runed gate.
 51152 | Abyss:3  | Found a huge runed gate.
 51176 | Abyss:3  | Gained mutation: You tend to lose your temper in combat. [a neqoxec]
 51181 | Abyss:3  | Found a runed door.
 51185 | Abyss:3  | Found a corrupted altar of Lugonu.
 51186 | Abyss:3  | Gained mutation: You are frail. (-10% HP) [a neqoxec]
 51195 | Abyss:3  | Found a huge runed gate.
 51203 | Elf:3    | Escaped the Abyss
 51372 | Elf:3    | Reached skill level 5 in Evocations
 51812 | Elf:3    | Cast into level 2 of the Abyss (a deep elf sorcerer)
 51937 | Elf:3    | Escaped the Abyss
 52992 | Elf:3    | Got an ancient brass amulet
 53405 | Snake:3  | Bought the +0 pair of boots of Broken Taboos {+Blink SInv} for 408 gold pieces
 53426 | Snake:3  | Bought a potion of cure mutation for 325 gold pieces
 53597 | D:12     | Killed Erica
 53597 | D:12     | Reached skill level 15 in Fighting
 53658 | Orc:2    | Bought a bread ration for 60 gold pieces
 53658 | Orc:2    | Bought a bread ration for 60 gold pieces
 53658 | Orc:2    | Bought a bread ration for 60 gold pieces
 53658 | Orc:2    | Bought a bread ration for 60 gold pieces
 53658 | Orc:2    | Bought a meat ration for 60 gold pieces
 53658 | Orc:2    | Bought a beef jerky for 18 gold pieces
 53658 | Orc:2    | Bought a slice of pizza for 18 gold pieces
 53658 | Orc:2    | Bought a royal jelly for 24 gold pieces
 54194 | D:13     | Reached skill level 10 in Conjurations
 54349 | D:13     | Found a runed door.
 54382 | D:13     | Got a translucent bone ring
 54383 | D:13     | Identified the ring "Inenizil" {*Corrode +Fly rPois Str+4 Dex+7} (You found it on level 13 of the Dungeon)
 54438 | D:13     | Found a gate to the Vaults.
 54981 | D:13     | Identified the amulet of Lach {Spirit +Fly} (You found it on level 3 of the Elven Halls)
 55068 | D:14     | Received a gift from Sif Muna
 55374 | D:14     | Identified the Volume of Flight
 55598 | D:14     | Found Cetae's Commerce Corner.
 56102 | D:14     | Reached XP level 21. HP: 157/165 MP: 31/44
 56111 | D:15     | Entered Level 15 of the Dungeon
 56727 | D:15     | Found a staircase to the Depths.
 56970 | D:15     | Noticed Louise
 56976 | D:15     | Killed Louise
 56985 | D:15     | Found Taax's Weapon Emporium.
 57701 | Vaults:1 | Entered Level 1 of the Vaults
 58435 | Vaults:1 | Noticed Aizul
 58438 | Vaults:1 | Killed Aizul
 58720 | Vaults:1 | Got a sparkling steel amulet
 59251 | Vaults:1 | Identified the amulet of Free Expression {Reflect rC+ Int+3 Dex+4 SH+3 Stlth-} (You took it off a vault sentinel on level 1 of the Vaults)
 59618 | Vaults:1 | Reached skill level 16 in Fighting
 60230 | Vaults:1 | Got a pair of ancient boots
 60242 | Vaults:1 | Identified the +1 pair of boots "Nesael" {rElec} (You found it on level 1 of the Vaults)
 60398 | D:14     | Bought an uncursed staff of cold for 275 gold pieces
 60541 | Vaults:2 | Found Zaovey's Book Boutique.
 60563 | Vaults:2 | Paralysed by an ogre mage for 3 turns
 60580 | Vaults:2 | Identified Sif Muna's Collected Works on Confrontation (Sif Muna gifted it to you on level 2 of the Vaults)
 60580 | Vaults:2 | Received a gift from Sif Muna
 60876 | Vaults:2 | Noticed Saint Roka
 60881 | Vaults:2 | Killed Saint Roka
 61440 | Vaults:2 | Noticed Asterion
 61448 | Vaults:2 | Killed Asterion
 62215 | Vaults:2 | Reached XP level 22. HP: 168/178 MP: 27/46
 62265 | Vaults:2 | Reached skill level 17 in Fighting
 63471 | Vaults:3 | Reached skill level 18 in Fighting
 64814 | Vaults:3 | Noticed Jory
 64827 | Vaults:3 | Killed Jory
 65050 | Vaults:3 | Found a staircase to the Crypt.
 65077 | Vaults:3 | Reached skill level 19 in Fighting
 65717 | Vaults:3 | Reached skill level 10 in Evocations
 65806 | Vaults:3 | Found a portal to a secret trove of treasure.
 66581 | Vaults:4 | Paralysed by an orc sorcerer for 2 turns
 66710 | Vaults:4 | Gained mutation: You have a pair of small antennae on your head. [potion of beneficial mutation]
 66752 | Vaults:4 | Reached XP level 23. HP: 87/193 MP: 28/47
 67503 | Vaults:4 | Reached skill level 20 in Fighting
 68294 | Vaults:5 | Entered Level 5 of the Vaults
 68297 | Vaults:5 | Reached skill level 15 in Shields
 68912 | Vaults:5 | Noticed an ancient lich
 68926 | Vaults:4 | Killed an ancient lich
 69202 | Vaults:5 | Reached skill level 21 in Fighting
 70530 | Vaults:5 | Reached XP level 24. HP: 205/205 MP: 10/47
 70729 | Vaults:5 | Got a glittering bronze amulet
 70730 | Vaults:5 | Identified the amulet "Woosch" {Spirit rN+ Dex+4} (You took it off a frost giant on level 5 of the Vaults)
 70758 | Vaults:5 | Paralysed by a lich for 4 turns
 70979 | Vaults:5 | Noticed an ancient lich
 71423 | Vaults:5 | Reached skill level 22 in Fighting
 71430 | Vaults:4 | Killed from afar by an ancient lich

Skill      XL: |  1  2  3  4  5  6  7  8  9 10 11 12 13 14 15 16 17 18 19 20 21 22 23 24 |
---------------+-------------------------------------------------------------------------+-----
Fighting       | 1 2 4 5 6 8 9 10 11 12 13 15 16 19 21 22 | 22.0
Spellcasting   | 3 4 5 7 9 10 12 13 14 15 16 17 18 19 20 | 20.2
Ice Magic      | 4 5 6 7 8 9 10 12 13 14 16 17 18 19 20 | 20.6
Invocations    | 4 6 |  6.1
Shields        | 4 6 8 9 10 11 12 13 14 15 16 | 16.0
Conjurations   | 2 5 7 8 10 11 | 11.0
Evocations     | 4 6 8 10 12 | 12.9
Dodging        | |  1.7
Stealth        | |  1.7

Action                   |  1- 3 |  4- 6 |  7- 9 | 10-12 | 13-15 | 16-18 | 19-21 | 22-24 || total
-------------------------+-------+-------+-------+-------+-------+-------+-------+-------++-------
Melee: Unarmed           |    23 |       |       |       |       |       |       |       ||    23
       Tailslap          |     8 |     8 |    25 |    19 |    12 |       |     7 |     1 ||    80
       Short sword       |    56 |       |       |       |       |       |       |       ||    56
       Dagger            |    15 |    62 |   289 |   208 |       |       |       |       ||   574
       Staff             |       |       |       |       |    10 |       |    60 |    17 ||    87
Throw: Throwing net      |       |       |       |       |       |       |     2 |     4 ||     6
 Cast: Freeze            |    21 |    25 |    77 |   151 |   132 |     4 |    13 |    17 ||   440
       Throw Icicle      |       |       |    28 |   155 |   692 |   162 |   348 |   108 ||  1493
       Summon Ice Beast  |       |       |     5 |    87 |    35 |     6 |       |     3 ||   136
       Ozocubu's Armour  |       |       |     5 |     5 |     6 |     9 |     4 |     6 ||    35
       Blink             |       |       |       |     3 |     6 |    21 |     6 |     7 ||    43
       Bolt of Cold      |       |       |       |       |     9 |    87 |   249 |   270 ||   615
       Ozocubu's Refrige |       |       |       |       |    25 |   108 |   131 |    67 ||   331
       Regeneration      |       |       |       |       |       |    40 |    30 |    15 ||    85
       Sublimation of Bl |       |       |       |       |       |    20 |    13 |    17 ||    50
       Freezing Cloud    |       |       |       |       |       |       |     1 |       ||     1
Invok: Channel Magic     |       |       |       |       |    13 |    15 |    27 |     9 ||    64
       Forget Spell      |       |       |       |       |     1 |       |       |       ||     1
       Divine Energy     |       |       |       |       |       |       |       |     1 ||     1
Evoke: Wand              |       |    11 |    12 |    15 |     5 |    31 |    23 |     3 ||   100
       Rod               |       |       |       |    11 |    52 |    11 |       |       ||    74
       Sack of spiders   |       |       |       |     3 |     5 |     2 |       |       ||    10
       Staff of Wucad Mu |       |       |       |       |       |       |    50 |    58 ||   108
       Disc of storms    |       |       |       |       |       |       |     2 |     9 ||    11
       Lamp of fire      |       |       |       |       |       |       |     2 |     3 ||     5
       Box of beasts     |       |       |       |       |       |       |       |     1 ||     1
  Use: Potion            |     2 |       |     4 |     3 |     2 |     7 |     6 |     2 ||    26
       Scroll            |       |     5 |     9 |    13 |    19 |    14 |    16 |     2 ||    78
 Stab: Sleeping          |     3 |     5 |     5 |     3 |     1 |       |       |       ||    17
       Distracted        |       |       |     2 |     2 |       |       |       |       ||     4
  Eat: Chunk             |     1 |     4 |    17 |    27 |    48 |    13 |    43 |    25 ||   178
       Pizza             |       |       |       |     4 |     4 |       |     2 |     1 ||    11
       Royal jelly       |       |       |       |     3 |       |       |     2 |     1 ||     6
       Fruit             |       |       |       |     2 |    11 |       |       |       ||    13
       Bread ration      |       |       |       |     1 |     2 |       |       |       ||     3
       Beef jerky        |       |       |       |       |     2 |       |     6 |     2 ||    10
       Meat ration       |       |       |       |       |       |    11 |     2 |       ||    13
Armor: Skin              |    38 |    20 |   169 |   221 |   335 |   165 |   169 |   104 ||  1221
Dodge: Dodged            |    60 |    45 |   157 |   277 |   361 |    97 |    92 |    80 ||  1169
Block: Other             |     9 |    11 |    56 |    25 |       |       |       |       ||   101
       Reflection        |       |       |     2 |       |       |       |       |       ||     2
       Buckler           |       |       |       |       |    55 |    60 |     8 |       ||   123
       Shield            |       |       |       |       |       |       |   168 |   163 ||   331
